 Dungeon Crawl Stone Soup version 0.30-a0-54-g2e61a25929 (webtiles) character file.

Game seed: 7404290472296459161

143 Newt the Trooper (level 5, 0/48 HPs)
             Began as a Demonspawn Gladiator on Sept 7, 2022.
             Succumbed to a scorpion's poison
             ... on level 6 of the Dungeon.
             The game lasted 00:04:14 (2563 turns).

Newt the Trooper (Demonspawn Gladiator)             Turns: 2563, Time: 00:04:15

Health: 0/48       AC:  4    Str: 22    XL:     5   Next: 4%
Magic:  5/5        EV: 12    Int: 10    God:
Gold:   98         SH:  0    Dex: 14    Spells: 4/4 levels left

rFire   . . .      SeeInvis .    a - +0 rapier (protect)
rCold   . . .      Faith    .    (no shield)
rNeg    . . .      Spirit   .    b - +0 leather armour
rPois   .          Reflect  .    c - +0 helmet
rElec   .          Harm     .    (no cloak)
rCorr   .          Rampage  .    (no gloves)
Will    .....                    (no boots)
Stlth   ++........               (no amulet)
HPRegen 0.16/turn                i - +6 ring of strength
MPRegen 0.09/turn                (no ring)

@: lethally poisoned (0 -> -7), about to teleport
A: hooves 1, demonic magic 1
a: no special abilities


You were on level 6 of the Dungeon.
You visited 1 branch of the dungeon, and saw 5 of its levels.

You collected 98 gold pieces.

Inventory:

Hand Weapons
 a - a +0 rapier of protection (weapon)
Missiles
 d - 3 throwing nets (quivered)
 e - a javelin
Armour
 b - a +0 leather armour (worn)
 c - a +0 helmet (worn)
Jewellery
 i - a +6 ring of strength (left hand)
Wands
 g - a wand of digging (3)
Scrolls
 h - 2 scrolls of identify
 k - a scroll of teleportation


   Skills:
 - Level 7.0 Fighting
 - Level 6.0 Short Blades
 - Level 1.7 Throwing
 - Level 5.2 Armour
 + Level 2.8 Dodging
 - Level 2.0 Stealth


You had 4 spell levels left.
You didn't know any spells.
Your spell library contained the following spells:

 Spells                   Type           Power      Damage    Failure   Level
 Hailstorm                Conj/Ice       0%         3d3       99%         4
 Ice Form                 Ice/Tmut       0%         N/A       99%         4
 Simulacrum               Ice/Necr       0%         N/A       100%        6


Dungeon Overview and Level Annotations

Branches:
Dungeon (6/15)             Temple (0/1) D:6

Altars:

Portals:
Sewer: D:6


Innate Abilities, Weirdness & Mutations

You have large cloven feet.
Spells you cast may paralyse adjacent enemies.


Message History

* * * LOW HITPOINT WARNING * * *
You climb downwards.
You hear the sound of rushing water.
There is an entrance to a sewer on this level.
Hurry and find it before the portal rusts away!
There is a stone staircase leading up here. 3 giant cockroaches and a quokka come into view.
The ufetubus misses you. The ufetubus closely misses you.
Unknown command.
Found a glowing drain.
You hear the slow rusting of a drain very nearby.
Your surroundings suddenly seem different.
A centaur, a scorpion and an ogre come into view.
Found 42 gold pieces and a metallic white potion.
The centaur shouts!
The ogre shouts!
The scorpion stings you.
* * * LOW HITPOINT WARNING * * *
You are lethally poisoned!
The scorpion poisons you! The centaur closely misses you. x2
The ogre closely misses you.
Unknown command.
You aren't carrying any potions.
You aren't carrying any potions.
You aren't carrying any potions.
You aren't carrying any potions.
You aren't carrying any potions.
Okay, then.
Unknown command.
Unknown command.
Aiming: Dig
Press: ? - help, Q - select action, (/) - cycle Shift-Dir - straight line You can't see that place.
Okay, then.
Unknown command.
As you read the scroll of teleportation, it crumbles to dust.
You feel strangely unstable.
* * * LOW HITPOINT WARNING * * *
You feel sick. The centaur barely misses you. The centaur kicks you.
* * * LOW HITPOINT WARNING * * *
The scorpion stings you but does no damage.
You die...

,,,,,,* *,* ,,,,,,*
*,* ,,,,,,* *,**
,,,,,,* *,,** ,,,,,,*
##*,,** *********
##.##,,* *,,,,,,*
#.cs#*,** **,,,,,,**
##.O.##,,*
*,,,,,,,,**#.$$$@#*,*
*,,,,,,,,*#.......#,*
,,,,,,,,,,+.......#,**
*,,,,,,,,*####+####,,*
*,,,,,,,,*,,,,,* **,*
**,,,,,,**,,,,,** *,*
,+,,,,,,*,,,,,,,* *,*
,********,,,,,,,* *,*
,+,,,,,,+,,,,,,,* *,*


You could see an ogre, a centaur and a scorpion.

Vanquished Creatures
  2 adders
  A worm (D:2)
  4 dart slugs
  An orc (D:6)
  5 endoplasms
  3 goblins
  7 hobgoblins
  A quokka (D:2)
  6 ball pythons
  12 bats
  3 frilled lizards
  4 kobolds
  3 rats
52 creatures vanquished.

Notes
Turn   | Place    | Note
-------+----------+-------------------------------------------
     0 | D:1      | Newt the Demonspawn Gladiator began the quest for the Orb.
     0 | D:1      | Reached XP level 1. HP: 16/16 MP: 1/1
    66 | D:1      | Reached skill level 1 in Stealth
   153 | D:1      | Gained mutation: You have large cloven feet. [demonic
                  | ancestry]
   153 | D:1      | Reached XP level 2. HP: 7/22 MP: 2/2
   727 | D:1      | Found a faded altar of an unknown god.
  1073 | D:1      | Gained mutation: Spells you cast may paralyse adjacent
                  | enemies. [demonic ancestry]
  1073 | D:1      | Reached XP level 3. HP: 28/28 MP: 3/3
  1243 | D:2      | Reached skill level 3 in Fighting
  1963 | D:3      | Reached skill level 7 in Fighting
  1963 | D:3      | Reached skill level 5 in Armour
  1963 | D:3      | Reached XP level 4. HP: 43/43 MP: 4/4
  2257 | D:3      | Reached XP level 5. HP: 28/48 MP: 5/5
  2509 | D:3      | You fall into a shaft and drop 3 floors!
  2556 | D:5      | Entered Level 5 of the Dungeon
  2556 | D:5      | Noticed an ogre
  2561 | D:6      | Found a glowing drain.
  2561 | D:6      | Noticed a centaur
  2561 | D:6      | Noticed an ogre
  2562 | D:6      | HP: 2/48 [centaur (3)]
  2563 | D:6      | Succumbed to a scorpion's poison

Illustrated notes

Levels and vault maps discovered:
D:1:      giann_wishing_wells, layout_basic,
          hellmonk_ecumenical_altar_pennies_from_heaven
D:2:      layout_rooms
D:3:      layout_basic, uniq_ijyb, uniq_terence
D:5:      layout_rooms, minmay_overflow_temple_star_quad, bh_walls_and_bars
D:6:      minmay_polygon_palace, layout_basic, nicolae_overflow_hidden_temple,
          minmay_temple_entry_crystal_x, portal_sewer_entry_f,
          water_boxes_lemuel, uniq_eustachio

Skill      XL: |  1  2  3 |
---------------+----------+-----
Stealth        | 1 2 |  2.0
Fighting       | 7 |  7.0
Short Blades   | 6 |  6.0
Armour         | 5 |  5.2
Throwing       | |  1.7
Dodging        | |  2.8

Action                   |  1- 3 |  4- 6 || total
-------------------------+-------+-------++-------
Melee: Rapier            |   115 |    43 ||   158
       Punch             |     1 |       ||     1
       Kick              |    22 |    10 ||    32
  Use: Scroll            |     4 |     4 ||     8
       Potion            |     1 |       ||     1
 Stab: Sleeping          |     4 |     1 ||     5
Armor: Leather armour    |    42 |    12 ||    54
Dodge: Dodged            |    86 |    22 ||   108

Table legend: (Time is in decaauts)
 A = Elapsed time spent in this place.
 B = Non-inter-level travel time spent in this place.
 C = Inter-level travel time spent in this place.
 D = Time resting spent in this place.
 E = Time spent auto-exploring this place.
 F = Levels seen in this place.
 G = Mean time per level.
                   A        B        C        D        E       F      G
               +--------+--------+--------+--------+--------+-----+--------+
         Total |   2567 |   2518 |     49 |    403 |   1714 |   5 |  513.4 |
       Dungeon |   2567 |   2518 |     49 |    403 |   1714 |   5 |  513.4 |
               +--------+--------+--------+--------+--------+-----+--------+

Top non-repeatable levels by time:
     D:1: 1166 daAuts
     D:2: 775 daAuts
     D:3: 573 daAuts
     D:6: 49 daAuts
     D:5: 2 daAuts
